 Dungeon Crawl Stone Soup version 0.31-a0-1074-g0b22e4e0f1 (webtiles) character file.

Game seed: 11503347170192508945

23367 tbh1313 the Severer (level 12, 0/177 HPs)
             Began as a Minotaur Berserker on Dec 1, 2023.
             Was a High Priest of Trog.
             Slain by a centaur warrior (3 damage)
             ... on level 13 of the Dungeon on Dec 2, 2023.
             The game lasted 00:49:49 (13526 turns).

tbh1313 the Severer (Minotaur Berserker)           Turns: 13526, Time: 00:49:50

Health: 0/177      AC: 19    Str: 25    XL:     12   Next: 71%
Magic:  11/11      EV: 15    Int:  8    God:    Trog [*****.]
Gold:   1719       SH:  0    Dex: 12    Spells: 11/11 levels left

rFire   + . .        D - +4 battleaxe
rCold   + . .        (shield currently unavailable)
rNeg    . . .        O - +2 ring mail {rF+}
rPois   .            I - +2 hat
rElec   .            k - +0 cloak
rCorr   .            r - +0 pair of gloves
SInv    +            q - +0 pair of boots
Will    ++...        (no amulet) Stlth
                     m - ring of the Mutiny {rC+ Int+4 SInv Stlth-}
HPRegen 1.49/turn    E - +4 ring of protection
MPRegen 0.12/turn

%: no passive effects
@: berserking, strong-willed, regenerating, studying Fighting, very quick
A: horns 2, retaliatory headbutt
a: Renounce Religion, Berserk, Trog's Hand, Brothers in Arms


You were on level 13 of the Dungeon.
You worshipped Trog.
Trog was extremely pleased with you.
You visited 1 branch of the dungeon, and saw 13 of its levels.
You also visited: Ossuary and Bailey.

You collected 2007 gold pieces.
You spent 288 gold pieces at shops.

Inventory:

Hand Weapons
 p - a +4 antimagic hand axe
 v - a +3 shortbow
 D - a +4 battleaxe (weapon)
Missiles
 i - 3 throwing nets
Armour
 k - a +0 cloak (worn)
 q - a +0 pair of boots (worn)
 r - a +0 pair of gloves (worn)
 I - a +2 hat (worn)
 O - a +2 ring mail of fire resistance (worn)
Jewellery
 m - the ring of the Mutiny (left hand) {rC+ Int+4 SInv Stlth-}
   (You found it on level 4 of the Dungeon)

   [ring of protection from cold]

   Int+4:     It affects your intelligence (+4).
   rC+:       It protects you from cold.
   SInv:      It lets you see invisible.
   Stlth-:    It makes you less stealthy.
 o - a ring of positive energy
 s - a +4 ring of slaying
 t - the ring of Tomorrow {Fire Str+4}
   (You found it on level 10 of the Dungeon)

   [ring of fire]

   Fire:      It enhances your fire magic.
   Str+4:     It affects your strength (+4).
   rF+:       It protects you from fire.
   rC-:       It makes you vulnerable to cold.
 B - a ring of ice
 E - a +4 ring of protection (right hand)
 L - the ring of the Dropbear {rC+ Str+6}
   (You found it on level 11 of the Dungeon)

   [ring of strength]

   Str+6:     It affects your strength (+6).
   rC+:       It protects you from cold.
Wands
 a - a wand of roots (9)
 h - a wand of mindburst (34)
 l - a wand of flame (25)
 w - a wand of charming (25)
 x - a wand of light (9)
 A - a wand of polymorph (8)
 N - a wand of digging (3)
Scrolls
 b - 8 scrolls of poison
 g - 6 scrolls of teleportation
 n - 2 scrolls of blinking
 u - 2 scrolls of vulnerability
 y - a scroll of enchant armour
 F - a scroll of silence
 J - a scroll of fear
 K - 2 scrolls of revelation
Potions
 c - a potion of might
 d - 4 potions of enlightenment
 e - 2 potions of attraction
 f - 3 potions of curing
 j - 2 potions of haste
 z - 2 potions of invisibility
 C - 3 potions of berserk rage
 G - 2 potions of mutation
 H - 2 potions of resistance {unknown}


   Skills:
 + Level 14.9 Fighting
 - Level 20.0 Axes
 - Level 10.0 Armour
 - Level 10.0 Dodging


You had 11 spell levels left.
You didn't know any spells.
Your spell library contained the following spells:

 Spells                   Type           Power      Damage    Failure   Level
 Magic Dart               Conj           0%         1d3       52%         1
 Summon Small Mammal      Summ           0%         N/A       52%         1
 Blink                    Tloc           0%         N/A       67%         2
 Call Imp                 Summ           0%         N/A       67%         2
 Searing Ray              Conj           0%         2d4       67%         2
 Call Canine Familiar     Summ           0%         N/A       88%         3
 Confusing Touch          Hex            0%         N/A       88%         3
 Ignite Poison            Fire/Tmut/Pois 0%         N/A       88%         3
 Mephitic Cloud           Conj/Pois/Air  0%         N/A       88%         3
 Ozocubu's Armour         Ice            0%         N/A       88%         3
 Summon Guardian Golem    Hex/Summ       0%         N/A       88%         3
 Cause Fear               Hex            0%         N/A       99%         4
 Fulminant Prism          Conj/Hex       0%         3d5       99%         4
 Manifold Assault         Tloc           0%         N/A       99%         4
 Sticky Flame             Conj/Fire      0%         2d3       99%         4
 Vhi's Electric Charge    Tloc/Air       0%         N/A       99%         4
 Arcjolt                  Conj/Air       0%         1d10      100%        5
 Summon Forest            Summ/Tloc      0%         N/A       100%        5
 Plasma Beam              Fire/Air       0%         2x1d10    100%        6
 Ozocubu's Refrigeration  Ice            0%         4d7       100%        7
 Ignition                 Fire           0%         3d3       100%        8


Dungeon Overview and Level Annotations

Branches:
Dungeon (13/15)            Temple (0/1) D:6            Lair (0/5) D:10
    Orc (0/2) D:11        Ossuary (visited)          Bailey (visited)
 Vaults: D:13-14

Altars:
Cheibriados
Elyvilon
Fedhas
Hepliaklqana
Kikubaaqudgha
Makhleb
Nemelex Xobeh
Okawaru
Qazlal
Ru
Trog
Uskayaw
Vehumet
Wu Jian
Yredelemnul
The Shining One
Jiyva

Shops:
D:5 [   D:12 [

Annotations:
D:4 2 runed translucent doors
D:11 2 transporters


Innate Abilities, Weirdness & Mutations

You have a pair of horns on your head.
You reflexively headbutt those who attack you in melee.


Message History

A red film seems to cover your vision as you go berserk!
You feel yourself moving faster!
You feel mighty! The sixfirhy barely misses you.
The kobold demonologist looks braver for a moment.
A deep elf zephyrmancer comes into view.
It is wielding a +2 rapier of electrocution.
The orc warrior hits you with a +0 trident!
* * * LOW HITPOINT WARNING * * *
The deep elf knight hits you but does no damage.
The centaur warrior hits you!
* * * LOW HITPOINT WARNING * * *
The centaur warrior kicks you but does no damage.
The sixfirhy hits you but does no damage.
Your iron troll bites the ogre!!
Your iron troll claws the ogre!
The ogre dies!
Trog accepts your kill.
You slash the orc warrior! Your headbutt misses the orc warrior.
The orc warrior is moderately wounded.
You completely miss the centaur warrior.
You slash the deep elf knight! You closely miss the sixfirhy.
You slash the ogre!
The sixfirhy hits you but does no damage.
The ogre mage points at the ogre and mumbles some strange words.
The ogre seems to speed up.
The deep elf knight points at you and mumbles some strange words.
The lance of force hits you!
* * * LOW HITPOINT WARNING * * *
You are knocked back by the lance of force.
You collide with the centaur warrior!
The centaur warrior is almost dead.
* * * LOW HITPOINT WARNING * * *
The orc warrior hits you with a +0 trident!
* * * LOW HITPOINT WARNING * * *
The deep elf zephyrmancer gestures wildly while chanting.
The deep elf zephyrmancer blinks!
The ogre misses you.
The orc knight shoots a bolt.
The bolt hits the deep elf knight!
The sixfirhy closely misses you. You furiously retaliate!
You headbutt the sixfirhy! The centaur warrior hits you.
* * * LOW HITPOINT WARNING * * *
The centaur warrior kicks you.
You die...

# # #. . ..... #. ##e
#T... # #..#O# #...# ..
##.#..#.## #...##...
..e...)T #....#.##.
##.#.§#O#####..........#
.....oe@c)..............
.....K3oc.†.............
##.#oB#.#####...........
........ #...........
#.#..#.# #........... #
#..#.# ##......†... #.
##. #......#... # .
##.......#)#
#..........#


You could see a boulder beetle, an orc knight, a centaur warrior, an ogre mage
(invisible), a deep elf knight (invisible), 2 deep elf zephyrmancers, a kobold
demonologist, a sixfirhy (summoned), an orc warrior (strong), an ogre (fast,
ally target), a centaur, an orc priest and a friendly iron troll (summoned,
berserk).

Levels and vault maps discovered:
D:1:      dpeg_arrival_refuge, layout_loops_corners
D:2:      layout_basic
D:3:      layout_basic, trog_hazing_becter, uniq_crazy_yiuf_cottage
D:4:      layout_layer_cave, overflow_temple_1_default, lemuel_tele_altar,
          worldfamousw_hep_ancestral_shrine, minmay_hollow_rounded_squares,
          uniq_ijyb, uniq_pikel
D:5:      layout_loops_corners, kennysheep_mini_moat, serial_shops,
          nicolae_shop_behind_doors, uniq_duvessa
D:6:      layout_basic, overflow_temple_1_default,
          minmay_temple_entry_antechambers, minmay_misc_feat_diagonals
D:7:      layout_basic, mainiacjoe_overflow_surrounded_room,
          nicolae_tso_swordbearing_angel, enter_bailey_4
D:8:      layout_basic, nicolae_ru_the_path_less_chosen,
          nicolae_kikubaaqudgha_miasma_corner, nicolae_ossuary_entry_catacombs,
          chequers_serial_rivers_micro_e
D:9:      layout_long_grid, lemuel_round_altar, grunt_temple_overflow_diamond,
          uniq_erolcha
D:10:     layout_basic, old_standard_altar, slow_altar_1, dpeg_oklobed_lair,
          grunt_ministairs_7, the_hattery
D:11:     gammafunk_jiyva_shrine, layout_rooms, david_orc_3,
          ebering_ghost_reflecting_pool, uniq_erica
D:12:     layout_roguey, serial_shops, nicolae_shop_behind_doors
D:13:     layout_cave_pools, hangedman_vaults_entry_quadrant_bands

Notes
Turn   | Place    | Note
-------+----------+-------------------------------------------
     0 | D:1      | tbh1313 the Minotaur Berserker began the quest for the Orb.
     0 | D:1      | Reached XP level 1. HP: 19/19 MP: 0/0
   118 | D:1      | Reached skill level 4 in Axes
   171 | D:1      | Reached XP level 2. HP: 26/26 MP: 1/1
   937 | D:2      | Reached skill level 5 in Axes
   937 | D:2      | Reached XP level 3. HP: 23/31 MP: 2/2
  1483 | D:2      | Reached ** piety under Trog
  1642 | D:3      | Reached XP level 4. HP: 38/39 MP: 3/3
  1748 | D:3      | Reached skill level 6 in Axes
  1966 | D:3      | Found a bloodstained altar of Trog.
  2089 | D:3      | Found a runed translucent door.
  2090 | D:3      | Noticed Crazy Yiuf
  2114 | D:3      | Killed Crazy Yiuf
  2346 | D:3      | Identified a scroll of acquirement
  2346 | D:3      | Acquired 1241 gold pieces
  2514 | D:4      | Reached skill level 7 in Axes
  2514 | D:4      | Reached XP level 5. HP: 44/45 MP: 4/4
  2523 | D:4      | Found a large runed translucent door.
  2523 | D:4      | Found a large runed translucent door.
  2534 | D:4      | Noticed Ijyb
  2544 | D:4      | Killed Ijyb
  2545 | D:4      | Found a large runed translucent door.
  2545 | D:4      | Found a large runed translucent door.
  2558 | D:4      | Reached skill level 8 in Axes
  2558 | D:4      | Reached XP level 6. HP: 51/51 MP: 5/5
  2568 | D:4      | Identified the ring of the Mutiny {rC+ Int+4 SInv Stlth-}
  2653 | D:4      | Got the Parchment of Unfortunate Apparitions
  3107 | D:4      | Reached skill level 9 in Axes
  3176 | D:4      | Found an iron altar of Okawaru.
  3301 | D:4      | Found a blossoming altar of Fedhas.
  3478 | D:4      | Found a hazy altar of Hepliaklqana.
  3516 | D:4      | Noticed Pikel
  3520 | D:4      | Killed Pikel
  3521 | D:4      | Reached skill level 11 in Axes
  3521 | D:4      | Reached XP level 7. HP: 57/57 MP: 6/6
  3989 | D:5      | Entered Level 5 of the Dungeon
  4128 | D:5      | Noticed Duvessa
  4138 | D:5      | Killed Duvessa
  4139 | D:5      | Reached XP level 8. HP: 52/64 MP: 2/7
  4180 | D:5      | Noticed Dowan
  4189 | D:5      | Killed Dowan
  4284 | D:5      | Reached skill level 12 in Axes
  4311 | D:5      | Found Keoxaxod's Antique Armour Shop.
  4314 | D:5      | Bought a pair of boots for 144 gold pieces
  4314 | D:5      | Bought a pair of gloves for 144 gold pieces
  4344 | D:5      | Reached skill level 13 in Axes
  4350 | D:5      | Reached skill level 14 in Axes
  4537 | D:5      | Reached XP level 9. HP: 39/71 MP: 2/8
  4844 | D:5      | Reached *** piety under Trog
  5260 | D:5      | Found a burning altar of Makhleb.
  5392 | D:6      | Reached skill level 5 in Fighting
  5531 | D:6      | Noticed a two-headed ogre
  5540 | D:6      | Killed a two-headed ogre
  5706 | D:6      | Found a basalt altar of Yredelemnul.
  5920 | D:6      | Found a staircase to the Ecumenical Temple.
  5928 | D:6      | Reached skill level 5 in Armour
  6269 | D:7      | Reached skill level 5 in Dodging
  6323 | D:7      | Reached XP level 10. HP: 88/88 MP: 3/9
  6324 | D:7      | Found a glowing golden altar of the Shining One.
  6399 | D:7      | Found a flagged portal.
  6411 | Bailey   | Entered a bailey
  7375 | Bailey   | Noticed an orc knight
  7377 | Bailey   | Noticed an orc knight
  7392 | Bailey   | Killed an orc knight
  7393 | Bailey   | Reached skill level 10 in Fighting
  7402 | Bailey   | Killed an orc knight
  7623 | D:7      | Acquired a manual of Axes
  7766 | D:7      | Found a hide-covered altar of Uskayaw.
  8443 | D:8      | Found a sand-covered staircase.
  8452 | Ossuary  | Entered an ossuary
  8462 | Ossuary  | Reached **** piety under Trog
  8665 | D:8      | Reached skill level 15 in Axes
  8962 | D:8      | Found an ancient bone altar of Kikubaaqudgha.
  9083 | D:8      | Found a sacrificial altar of Ru.
  9191 | D:9      | Noticed a two-headed ogre
  9206 | D:9      | Killed a two-headed ogre
  9207 | D:9      | Reached XP level 11. HP: 79/106 MP: 3/10
  9528 | D:9      | Reached skill level 16 in Axes
  9555 | D:9      | Noticed Erolcha
  9565 | D:9      | Killed Erolcha
  9635 | D:9      | Found an ornate altar of the Wu Jian Council.
  9638 | D:9      | Found a stormy altar of Qazlal.
  9643 | D:9      | Found a sparkling altar of Nemelex Xobeh.
  9958 | D:9      | Reached ***** piety under Trog
 10033 | D:9      | Found a white marble altar of Elyvilon.
 10138 | D:10     | Entered Level 10 of the Dungeon
 10256 | D:10     | Found a snail-covered altar of Cheibriados.
 10300 | D:10     | Reached skill level 17 in Axes
 10422 | D:10     | Noticed a sixfirhy
 10590 | D:10     | Found a staircase to the Lair.
 10590 | D:10     | Noticed an oklob plant
 10590 | D:10     | Noticed an oklob plant
 10608 | D:10     | Killed an oklob plant
 10613 | D:10     | Killed an oklob plant
 10614 | D:10     | Reached skill level 18 in Axes
 11077 | D:10     | Found a radiant altar of Vehumet.
 11087 | D:10     | Identified the ring of Tomorrow {Fire Str+4}
 11152 | D:10     | Reached skill level 19 in Axes
 11712 | D:11     | Found a runed translucent door.
 11909 | D:11     | Noticed Erica
 11913 | D:11     | Found a staircase to the Orcish Mines.
 11922 | D:11     | Killed Erica
 11923 | D:11     | Reached skill level 20 in Axes
 11999 | D:11     | Found a transporter.
 12001 | D:11     | Noticed a boulder beetle
 12048 | D:11     | Killed a boulder beetle
 12142 | D:11     | Noticed a two-headed ogre
 12153 | D:11     | Killed a two-headed ogre
 12154 | D:11     | Reached XP level 12. HP: 58/117 MP: 11/11
 12384 | D:11     | Noticed a two-headed ogre
 12390 | D:11     | Killed a two-headed ogre
 12441 | D:11     | Noticed a boulder beetle
 12452 | D:11     | Killed a boulder beetle
 12615 | D:11     | Noticed Cicacag's ghost (journeyman DgFi)
 12723 | D:11     | Killed Cicacag's ghost
 12731 | D:11     | Identified the ring of the Dropbear {rC+ Str+6}
 12770 | D:11     | Found a viscous altar of Jiyva.
 12770 | D:11     | Found a transporter.
 13114 | D:12     | Noticed a boulder beetle
 13125 | D:12     | Killed a boulder beetle
 13437 | D:12     | Found Sixah's Armour Emporium.
 13493 | D:13     | Reached skill level 10 in Armour
 13506 | D:13     | Noticed a two-headed ogre
 13512 | D:13     | Killed a two-headed ogre
 13513 | D:13     | Reached skill level 10 in Dodging
 13514 | D:13     | Noticed a centaur warrior
 13522 | D:13     | Noticed an ogre mage
 13524 | D:13     | Noticed a boulder beetle
 13526 | D:13     | HP: 9/177 [orc warrior/+0 trident (15)]
 13526 | D:13     | HP: 3/177 [centaur warrior (6)]
 13526 | D:13     | Slain by a centaur warrior

Table legend: (Time is in decaauts)
 A = Elapsed time spent in this place.
 B = Non-inter-level travel time spent in this place.
 C = Inter-level travel time spent in this place.
 D = Time resting spent in this place.
 E = Time spent auto-exploring this place.
 F = Levels seen in this place.
 G = Mean time per level.
                   A        B        C        D        E       F      G
               +--------+--------+--------+--------+--------+-----+--------+
         Total |  13498 |  12857 |    641 |   3019 |   8036 |  15 |  899.9 |
       Dungeon |  12078 |  11437 |    641 |   2120 |   7787 |  13 |  929.1 |
       Ossuary |    160 |    160 |      0 |      0 |    102 |   1 |  160.0 |
        Bailey |   1259 |   1259 |      0 |    899 |    147 |   1 | 1259.0 |
               +--------+--------+--------+--------+--------+-----+--------+

Top non-repeatable levels by time:
    D:10: 1544 daAuts
     D:4: 1535 daAuts
     D:5: 1371 daAuts
  Bailey: 1259 daAuts
    D:11: 1098 daAuts
     D:9: 976 daAuts
     D:3: 969 daAuts
     D:8: 915 daAuts
     D:1: 854 daAuts
     D:6: 773 daAuts
     D:2: 670 daAuts
    D:12: 655 daAuts
     D:7: 654 daAuts
 Ossuary: 160 daAuts
    D:13: 59 daAuts

Table legend:
 A = Kills in this place as a percentage of kills in the entire game.
 B = Kills by you in this place as a percentage of kills by you in the entire game.
 C = Kills by friends in this place as a percentage of kills by friends in the entire game.
 D = Other kills in this place as a percentage of other kills in the entire game.
 E = Experience gained in this place as a percentage of experience gained in the entire game.
 F = Experience gained in this place divided by the number of levels of this place that you have seen.
                   A       B       C       D       E      F
               +-------+-------+-------+-------+-------+----------------------
         Total | 100.0 | 100.0 | 100.0 |   N/A | 100.0 | 2225.5
       Dungeon |  88.0 |  87.9 | 100.0 |   N/A |  91.5 | 2350.7
       Ossuary |   4.8 |   4.8 |   0.0 |   N/A |   0.5 | 164.0
        Bailey |   7.2 |   7.3 |   0.0 |   N/A |   8.0 | 2659.0
               +-------+-------+-------+-------+-------+----------------------

Action                     |  1- 3 |  4- 6 |  7- 9 | 10-12 || total
---------------------------+-------+-------+-------+-------++-------
  Melee: Hand axe          |    66 |   112 |   167 |   451 ||   796
         Headbutt          |     5 |    25 |    27 |   120 ||   177
         Punch             |       |     1 |     7 |     4 ||    12
         Battleaxe         |       |       |       |   131 ||   131
 Invoke: Berserk           |       |     4 |     3 |    15 ||    22
         Trog's Hand       |       |       |       |     4 ||     4
         Brothers in Arms  |       |       |       |     1 ||     1
  Evoke: Wand              |       |       |     1 |       ||     1
    Use: Scroll            |     7 |     7 |     2 |    13 ||    29
         Potion            |       |       |       |     1 ||     1
   Stab: Sleeping          |     1 |       |       |       ||     1
 Armour: Animal skin       |    17 |       |       |       ||    17
         Ring mail         |    28 |    49 |    91 |   217 ||   385
         Robe              |       |       |       |   117 ||   117
  Dodge: Dodged            |    39 |    51 |    75 |   313 ||   478

Vanquished Creatures
  The ghost of Cicacag the Blocker, a journeyman DgFi (D:11)
  Erolcha (D:9)
  3 boulder beetles
  Erica (D:11)
  5 two-headed ogres
  2 orc knights (Bailey)
  A deep elf zephyrmancer (D:13)
  Pikel (D:4)
  2 oklob plants (D:10)
  A manticore (D:12)
  2 cyclopes (D:12)
  2 gargoyles
  3 unseen horrors
  A kobold demonologist (D:10)
  A komodo dragon (D:11)
  4 trolls
  3 shadows
  A spriggan (D:10)
  19 yaks
  3 wyverns
  3 vampire mosquitoes (D:12)
  A warg (D:11)
  2 acid dragons
  4 water moccasins
  Duvessa (D:5)
  13 orc warriors
  A sky beast (D:8)
  3 ice beasts
  5 centaurs
  2 phantoms
  7 bullfrogs
  6 kobold brigands
  2 gnoll sergeants (D:8)
  A scorpion (D:5)
  5 wights (D:8)
  Dowan (D:5)
  9 killer bees
  5 howler monkeys
  2 human zombies
  An orc priest (D:11)
  3 hounds
  3 gnoll boudas
  4 sleepcaps
  Crazy Yiuf (D:3)
  A human skeleton (D:8)
  Ijyb (D:4)
  An iguana (D:7)
  12 orc wizards
  A hound zombie (Ossuary)
  5 mummies
  21 gnolls
  9 adders
  4 ufetubi (D:5)
  3 adder zombies (Ossuary)
  A worm (D:4)
  A dart slug (D:3)
  41 orcs
  3 ball pythons
  3 endoplasms
  3 giant cockroaches
  13 goblins
  4 hobgoblins
  2 jackals (D:2)
  28 kobolds
  A quokka (D:2)
  9 bats
  6 frilled lizards
  A goblin zombie (Ossuary)
  A hobgoblin zombie (Ossuary)
  2 kobold zombies (Ossuary)
  2 orc skeletons (D:8)
  4 orc zombies
  5 rats
  A rat zombie (Ossuary)
331 creatures vanquished.

Vanquished Creatures (collateral kills)
  An ogre (D:13)
1 creature vanquished.

Grand Total: 332 creatures vanquished
